 Dungeon Crawl Stone Soup version 0.31-a0-196-g86fe4a5e66 (webtiles) character file.

Game seed: 10817513615220329313

134 innerfire43 the Trooper (level 4, -2/36 HPs)
             Began as a Demonspawn Monk on June 24, 2023.
             Slain by an iguana (7 damage)
             ... on level 4 of the Dungeon.
             The game lasted 00:03:24 (2386 turns).

innerfire43 the Trooper (Demonspawn Monk)           Turns: 2386, Time: 00:03:24

Health: -2/36      AC:  4    Str: 14    XL:     4   Next: 95%
Magic:  4/4        EV: 13    Int: 11    God:
Gold:   60         SH:  0    Dex: 15    Spells: 2/3 levels left

rFire   . . .        p - staff of death
rCold   . . .        d - orb {light}
rNeg    + . .        b - +0 robe
rPois   .            l - +0 helmet
rElec   .            (no cloak)
rCorr   .            (no gloves)
SInv    .            (no boots)
Will    .....        (no amulet)
Stlth   +            (no ring)
HPRegen 0.26/turn    (no ring)
MPRegen 0.09/turn

%: no passive effects
@: brilliant, glowing
A: rugged brown scales 1, ignite blood 1
a: no special abilities


You were on level 4 of the Dungeon.
You visited 1 branch of the dungeon, and saw 4 of its levels.

You collected 60 gold pieces.

Inventory:

Hand Weapons
 a - a +0 hand axe
Armour
 b - a +0 robe (worn)
 d - an orb of light (worn)
 l - a +0 helmet (worn)
Magical Staves
 g - a staff of conjuration
 p - a staff of death (weapon)
Scrolls
 e - 3 scrolls of teleportation {unknown}
 h - a scroll of noise {unknown}
 i - 4 scrolls of enchant armour {unknown}
 k - a scroll of acquirement {unknown}
 n - 2 scrolls of identify {unknown}
 r - a scroll of vulnerability {unknown}
Potions
 f - a potion of invisibility {unknown}
 j - a potion of might {unknown}
 m - 2 potions of attraction {unknown}
 o - a potion of haste {unknown}
 q - a potion of cancellation {unknown}


   Skills:
 - Level 3.5 Fighting
 - Level 3.5 Axes
 * Level 1.2 Staves
 - Level 3.2 Dodging
 * Level 1.4 Necromancy
 * Level 1.4 Evocations


You had 2 spell levels left.
You knew the following spells:

 Your Spells              Type           Power      Damage    Failure   Level
a - Kiss of Death         Conj/Necr      12%        2d6       26%         1

Your spell library contained the following spells:

 Spells                   Type           Power      Damage    Failure   Level
 Confusing Touch          Hex            0%         N/A       71%         3
 Dispel Undead            Necr           7%         3d8       89%         4


Dungeon Overview and Level Annotations

Branches:
Dungeon (4/15)
 Temple: D:4-7

Altars:


Innate Abilities, Weirdness & Mutations

You are partially covered in rugged brown scales. (AC +1, +3% HP)
Your demonic aura sometimes causes spilled blood to erupt in flames.


Message History

You feel sick.
You feel sick.
You are no longer poisoned.
You open the door.
There is an open door here.
You open the door.
An iguana comes into view.
The iguana hisses angrily.
An iguana is nearby!
There is an open door here.
The iguana closely misses you.
You hit the iguana but do no damage.
The iguana hisses menacingly.
The iguana bites you but does no damage.
You barely miss the iguana. The iguana closely misses you.
You hit the iguana but do no damage. The iguana closely misses you.
You hit the iguana but do no damage. The iguana bites you!
You hit the iguana.
The iguana is moderately wounded.
The iguana completely misses you.
You hit the iguana but do no damage.
The iguana is moderately wounded.
The iguana barely misses you.
You hit the iguana but do no damage.
The iguana is moderately wounded.
The iguana bites you!
You are too injured to fight recklessly!
You are too injured to fight recklessly!
You hit the iguana but do no damage.
The iguana is moderately wounded.
The iguana bites you. The iguana bites you!
* * * LOW HITPOINT WARNING * * *
You hit the iguana but do no damage.
The iguana is moderately wounded.
The iguana bites you.
* * * LOW HITPOINT WARNING * * *
It was a potion of brilliance.
You feel clever all of a sudden. The iguana bites you!
You die...

#.....<........#....#
.................'....#
....##......###...##...#
#### ##########...##...#
................#
................#
................#
....#####'###...# ...
#..@.# ...# .. #...l.#
..# . #.....# .# #.....#
#.....# #.....# .......
#.......


You could see an iguana.

Vanquished Creatures
  An orc wizard (D:3)
  2 adders
  2 ufetubi
  A worm (D:2)
  2 dart slugs (D:2)
  8 orcs
  3 ball pythons
  4 bats
  4 endoplasms
  3 giant cockroaches
  9 goblins
  4 hobgoblins
  4 kobolds
  3 quokkas
  8 frilled lizards
  6 rats
64 creatures vanquished.

Notes
Turn   | Place    | Note
-------+----------+-------------------------------------------
     0 | D:1      | innerfire43 the Demonspawn Monk began the quest for the
                  | Orb.
     0 | D:1      | Reached XP level 1. HP: 18/18 MP: 1/1
   232 | D:1      | Gained mutation: Your demonic aura sometimes causes spilled
                  | blood to erupt in flames. [demonic ancestry]
   232 | D:1      | Reached XP level 2. HP: 24/24 MP: 2/2
   647 | D:2      | Gained mutation: You are partially covered in rugged brown
                  | scales. (AC +1, +3% HP) [demonic ancestry]
   647 | D:2      | Reached XP level 3. HP: 7/29 MP: 3/3
  1536 | D:3      | Learned a level 1 spell: Kiss of Death
  1793 | D:3      | Reached XP level 4. HP: 36/36 MP: 4/4
  1896 | D:3      | Reached skill level 1 in Necromancy
  1915 | D:3      | Reached skill level 1 in Evocations
  2023 | D:3      | Reached skill level 1 in Staves
  2386 | D:4      | Slain by an iguana

Illustrated notes

Levels and vault maps discovered:
D:1:      dpeg_arrival_rooms_b, layout_basic, hangedman_decor_push
D:2:      layout_loops_ring
D:3:      layout_rooms
D:4:      layout_gridville, minmay_tree_intersection, minivault_1

Skill      XL: |  1  2  3  4 |
---------------+-------------+-----
Axes           | 3 |  3.5
Dodging        | 3 |  3.2
Necromancy     | 1 |  1.4
Evocations     | 1 |  1.4
Staves         | 1 |  1.2
Fighting       | |  3.5

Action                     |  1- 3 |  4- 6 || total
---------------------------+-------+-------++-------
  Melee: Hand axe          |   115 |       ||   115
         Staff             |    28 |   110 ||   138
    Use: Potion            |       |     3 ||     3
 Armour: Robe              |    36 |    34 ||    70
  Dodge: Dodged            |   110 |    84 ||   194

Table legend: (Time is in decaauts)
 A = Elapsed time spent in this place.
 B = Non-inter-level travel time spent in this place.
 C = Inter-level travel time spent in this place.
 D = Time resting spent in this place.
 E = Time spent auto-exploring this place.
 F = Levels seen in this place.
 G = Mean time per level.
                   A        B        C        D        E       F      G
               +--------+--------+--------+--------+--------+-----+--------+
         Total |   2425 |   2317 |    108 |      0 |   1790 |   4 |  606.2 |
       Dungeon |   2425 |   2317 |    108 |      0 |   1790 |   4 |  606.2 |
               +--------+--------+--------+--------+--------+-----+--------+

Top non-repeatable levels by time:
     D:2: 930 daAuts
     D:3: 768 daAuts
     D:1: 468 daAuts
     D:4: 257 daAuts
